 Seeded DCSS version 0.29-a0-231-g945431f764 (webtiles) character file.

Game seed: 684492102606385270 (custom seed)

17 mcwallace the Chiller (level 2, 0/21 HPs)
             Began as a Formicid Ice Elementalist on Mar 1, 2022.
             Succumbed to an adder's poison
             ... on level 2 of the Dungeon.
             The game lasted 00:01:15 (701 turns).

mcwallace the Chiller (Formicid Ice Elementalist)    Turns: 701, Time: 00:01:15

Health: 0/21       AC:  3    Str: 12    XL:     2   Next: 80%
Magic:  3/5        EV: 12    Int: 14    God:
Gold:   53         SH:  0    Dex: 11    Spells: 5/6 levels left

rFire   . . .      SeeInvis +   e - +0 dagger {short}
rCold   . . .      Faith    .   (no shield)
rNeg    . . .      Spirit   .   a - +0 robe
rPois   .          Reflect  .   (helmet unavailable)
rElec   .          Harm     .   (no cloak)
rCorr   .          Rampage  .   (no gloves)
Will    .....                   p - +0 pair of boots
Stlth   ++........              (no amulet)
HPRegen 0.07/turn               (no ring)
MPRegen 0.09/turn               (no ring)

@: lethally poisoned (0 -> -1)
A: permanent stasis, dig shafts and tunnels, antennae 3, four strong arms,
MP-powered wands
a: Dig, Shaft Self


You were on level 2 of the Dungeon.
You visited 1 branch of the dungeon, and saw 2 of its levels.

You collected 53 gold pieces.


Innate Abilities, Weirdness & Mutations

You cannot be hasted, slowed, berserked, paralysed or teleported.
You can dig through walls and to a lower floor.
You have a pair of large antennae on your head. (SInv)
Your four strong arms can wield two-handed weapons with a shield.
You expend magic power (3 MP) to strengthen your wands.


   Skills:
 + Level 1.0 Fighting
 + Level 2.1 Dodging
 - Level 2.4 Stealth
 + Level 2.5 Spellcasting
 + Level 4.1 Ice Magic


You had 5 spell levels left.
You knew the following spells:

 Your Spells              Type           Power      Damage    Failure   Level
a - Freeze                Ice            52%        1d7       4%          1

Your spell library contained the following spells:

 Spells                   Type           Power      Damage    Failure   Level
 Frozen Ramparts          Ice            26%        1d4       12%         3
 Ozocubu's Armour         Ice            13%        N/A       12%         3
 Hailstorm                Conj/Ice       7%         3d4       67%         4

Inventory:

Hand Weapons
 e - a +0 dagger (weapon) {short}
   (You found it on level 1 of the Dungeon)
Missiles
 k - 22 stones {throwing}
Armour
 a - a +0 robe (worn)
 c - a +0 robe
   (You found it on level 1 of the Dungeon)
 p - a +0 pair of boots (worn)
   (You found it on level 2 of the Dungeon)
Scrolls
 b - a scroll of holy word {unknown}
 d - a scroll of magic mapping {unknown}
 g - a scroll of summoning {unknown}
 i - a scroll of teleportation {unknown}
 j - a scroll of fear {unknown}
 l - a scroll of enchant weapon {unknown}
 n - a scroll of vulnerability {unknown}
 o - a scroll of identify {unknown}
Potions
 f - a potion of resistance {unknown}
 h - 2 potions of mutation {!q}

Dungeon Overview and Level Annotations

Branches:
Dungeon (2/15)

Altars:

######
######......
#..†@.......
#...........
#.....####.#
#.....# ##..###
##..# ##...#
#..#.## ####..
#..#...####......


There were no monsters in sight!


Message History

The ball python grabs you.
The ball python constricts you. 😕 HP[-2]
You take 2 damage, and now have 18/20 hp.
You freeze the ball python.
The ball python seems to slow down. 😕 MP[-1]
You lost 1 mp, and now have 4/5 mp.
You freeze the ball python.
The ball python seems to slow down.
The ball python completely misses you.
The ball python constricts you. 😕 MP[-1]
You lost 1 mp, and now have 3/5 mp.
You hit the ball python.
You kill the ball python!
You start putting on your armour.
You continue putting on your +0 pair of boots. x4
You finish putting on your +0 pair of boots.
You sense a monster nearby.
There is a stone staircase leading up here. 😎 HP[+2] MP[+2]
Your hp is fully restored (20).
Your mp is fully restored (5).
An adder comes into view.
An adder is nearby!
The adder hisses angrily.
The adder closely misses you. The adder bites you.
You are poisoned.
The adder poisons you! 😕 HP[-2]
You take 2 damage, and now have 18/20 hp.
You freeze the adder.
You feel sick.
The adder closely misses you. 😕 HP[-2] MP[-1]
You take 2 damage, and now have 16/20 hp.
You lost 1 mp, and now have 4/5 mp.
You miss the adder.
You feel sick. The adder closely misses you.
Unknown command.
You closely miss the adder.
You feel sick. The adder barely misses you. 😮 HP[-1]
You take 1 damage, and now have 15/20 hp.
You are too injured to fight recklessly!
You are too injured to fight recklessly!
You are too injured to fight recklessly!
You are too injured to fight recklessly!
Casting: Freeze (safe; 4% risk of failure)
Confirm with . or Enter, or press ? or * to list all spells.
Aiming: Freeze (safe; 4% risk of failure)
Press: ? - help, Shift-Dir - straight line, f/p - adder
Aim: an adder (severely wounded)
You freeze the adder.
The adder seems to slow down.
You feel sick. The adder bites you.
You are more poisoned.
The adder poisons you! 😮 HP[-3] MP[-1]
You take 3 damage, and now have 12/20 hp.
You lost 1 mp, and now have 3/5 mp.
Unknown command.
Unknown command.
You miss the adder.
You feel sick. The adder bites you.
* * * LOW HITPOINT WARNING * * *
😨 HP[-5]
You take 5 damage, and now have 7/20 hp.
MASSIVE DAMAGE!! (PAUSE)
Casting: Freeze (safe; 4% risk of failure)
Confirm with . or Enter, or press ? or * to list all spells.
Aiming: Freeze (safe; 4% risk of failure)
Press: ? - help, Shift-Dir - straight line, f/p - adder
Aim: an adder (almost dead, slow)
You freeze the adder.
You kill the adder!
* * * LOW HITPOINT WARNING * * *
You feel sick.
Your Fighting skill increases to level 1! 😱 HP[-2] MP[-1]
You now have 21 max hp (+1).
You take 2 damage, and now have 5/21 hp.
You lost 1 mp, and now have 2/5 mp.
* * * LOW HITPOINT WARNING * * *
You feel sick.
You see here an adder corpse. 😱 HP[-1]
You take 1 damage, and now have 4/21 hp.
* * * LOW HITPOINT WARNING * * *
You feel sick.
You see here a fizzy cyan potion. 😱 HP[-1]
You take 1 damage, and now have 3/21 hp.
h - 3 fizzy cyan potions (gained 1)
* * * LOW HITPOINT WARNING * * *
You feel sick. 😱 HP[-1]
You take 1 damage, and now have 2/21 hp.
Okay, then.
It was a potion of mutation.
You feel extremely strange.
You feel clever.
You feel stupid.
You feel your magical essence link to the dungeon's wands.
* * * LOW HITPOINT WARNING * * *
You feel sick. 😱 HP[-1]
You take 1 damage, and now have 1/21 hp.
It was a potion of haste.
Your stasis prevents you from being hasted.
You die...

Skill      XL: |  1  2 |
---------------+-------+-----
Dodging        | 2 |  2.1
Fighting       | 1 |  1.0
Stealth        | |  2.4
Spellcasting   | |  2.5
Ice Magic      | |  4.1

Action                   || total
-------------------------++-------
Melee: Dagger            ||    11
       Punch             ||     1
 Cast: Freeze            ||    15
  Use: Potion            ||     2
Armor: Robe              ||     1
Dodge: Dodged            ||    17

Levels and vault maps discovered:
D:1:      dpeg_arrival_rhombus, layout_basic, hellmonk_ecumenical_altar_run_dry
D:2:      layout_rooms, serial_shops, shop_fountains, basic_altar,
          nicolae_figureground_sparkle, uniq_jessica

Notes
Turn   | Place    | Note
-------+----------+-------------------------------------------
     0 | D:1      | mcwallace the Formicid Ice Elementalist began the quest for
                  | the Orb.
     0 | D:1      | Reached XP level 1. HP: 13/13 MP: 3/3
     0 | D:1      | magus.rc [v1.9.6]
   274 | D:1      | Found a faded altar of an unknown god.
   353 | D:1      | Reached XP level 2. HP: 18/20 MP: 0/5
   542 | D:1      | Reached skill level 2 in Dodging
   696 | D:2      | HP: 5/20 [poisoned by an adder]
   697 | D:2      | Reached skill level 1 in Fighting
   699 | D:2      | HP: 2/21 [poisoned by an adder]
   700 | D:2      | Gained mutation: Your mind is acute. (Int +2) [potion of
                  | mutation]
   700 | D:2      | Lost mutation: Your mind is acute. (Int +2) [potion of
                  | mutation]
   700 | D:2      | Gained mutation: You expend magic power (3 MP) to
                  | strengthen your wands. [potion of mutation]
   701 | D:2      | Succumbed to an adder's poison

Vanquished Creatures
  An adder (D:2)
  3 giant cockroaches (D:1)
  5 ball pythons
  A rat (D:1)
10 creatures vanquished.

Table legend:
 A = Non-vault XP
 B = Vault XP
 C = Vault XP percentage of total XP
 D = Non-vault monster count
 E = Vault monster count
 F = Vault count percentage of total count
                 A         B        C        D         E       F
            +---------+---------+-------+---------+---------+-------
      Total |      25 |       0 |   0.0 |      10 |       0 |   0.0
            +---------+---------+-------+---------+---------+-------
        D:1 |      11 |       0 |   0.0 |       8 |       0 |   0.0
        D:2 |      14 |       0 |   0.0 |       2 |       0 |   0.0
            +---------+---------+-------+---------+---------+-------

Illustrated notes

Table legend:
 A = Kills in this place as a percentage of kills in entire the game.
 B = Kills by you in this place as a percentage of kills by you in the entire game.
 C = Kills by friends in this place as a percentage of kills by friends in the entire game.
 D = Other kills in this place as a percentage of other kills in the entire game.
 E = Experience gained in this place as a percentage of experience gained in the entire game.
 F = Experience gained in this place divided by the number of levels of this place that you have seen.
                   A       B       C       D       E      F
               +-------+-------+-------+-------+-------+----------------------
         Total | 100.0 | 100.0 |   N/A |   N/A | 100.0 |  12.5
       Dungeon | 100.0 | 100.0 |   N/A |   N/A | 100.0 |  12.5
               +-------+-------+-------+-------+-------+----------------------

Table legend: (Time is in decaauts)
 A = Elapsed time spent in this place.
 B = Non-inter-level travel time spent in this place.
 C = Inter-level travel time spent in this place.
 D = Time resting spent in this place.
 E = Time spent auto-exploring this place.
 F = Levels seen in this place.
 G = Mean time per level.
                   A        B        C        D        E       F      G
               +--------+--------+--------+--------+--------+-----+--------+
         Total |    700 |    700 |      0 |      0 |    602 |   2 |  350.0 |
       Dungeon |    700 |    700 |      0 |      0 |    602 |   2 |  350.0 |
               +--------+--------+--------+--------+--------+-----+--------+

Top non-repeatable levels by time:
     D:1: 645 daAuts
     D:2: 54 daAuts
